 Dungeon Crawl Stone Soup version 0.27.0-1-g7a089689b8 (webtiles) character file.

Game seed: 2664107023886795732

208988 rjrrt the Executioner (level 18, -9/253 HPs)
             Began as a Minotaur Berserker on Aug 5, 2021.
             Was a High Priest of Trog.
             Shot with an arrow by Vashnia (18 damage)
             ... on level 2 of the Snake Pit on Aug 6, 2021.
             The game lasted 01:07:05 (37193 turns).

rjrrt the Executioner (Minotaur Berserker)         Turns: 37193, Time: 01:07:05

Health: -9/253     AC: 33    Str: 36    XL:     18   Next: 14%
Magic:  17/17      EV: 15    Int:  9    God:    Trog [*****.]
Gold:   2704       SH:  5    Dex: 15    Spells: 17/17 levels left

rFire    + + .     SeeInvis +   a - +4 executioner's axe (flame)
rCold    + . .     Faith    .   (shield currently unavailable)
rNeg     . . .     Spirit   .   D - +1 plate armour {rPois}
rPois    +         Reflect  +   H - +2 hat {Int+3}
rElec    .         Harm     .   c - +2 cloak {Stlth+}
rCorr    .         Rampage  .   U - +2 pair of gloves of Juraaj {rF+ rC+ Str+4 Dex+4 SInv}
Will     ++...                  A - +0 pair of boots
Stlth    ..........             t - amulet of reflection
HPRegen  0.52/turn              W - ring of Itwoxzajit {rF+ Will+ Str+3 Int+2}
MPRegen  0.15/turn              g - +4 ring of protection

@: berserking, lethally poisoned (-9 -> -18), very quick
A: horns 2, retaliatory headbutt
}: 1/15 runes: decaying
a: Renounce Religion, Berserk, Trog's Hand, Brothers in Arms


You were on level 2 of the Snake Pit.
You worshipped Trog.
Trog was extremely pleased with you.
You visited 6 branches of the dungeon, and saw 30 of its levels.
You also visited: Ice Cave.

You collected 4401 gold pieces.
You spent 1697 gold pieces at shops.

Inventory:

Hand Weapons
 a - a +4 executioner's axe of flaming (weapon)
 b - a +2 halberd of venom
 e - the +3 broad axe of the Absolute Madman {flame, +Rage rElec rCorr Stlth-}
   (Trog gifted it to you on level 1 of the Snake Pit)

   It burns those it strikes, dealing additional fire damage.
   Big, fiery blades are also staple armaments of hydra-hunters.
   rElec:     It insulates you from electricity.
   +Rage:     It lets you go berserk.
   rCorr:     It protects you from acid and corrosion.
   Stlth:     It makes you less stealthy.
 m - a +3 antimagic battleaxe
 C - a +8 vorpal executioner's axe
Missiles
 f - 4 javelins
 k - 66 boomerangs (quivered)
 o - 12 atropa-tipped darts
 w - 8 curare-tipped darts
Armour
 c - a +2 cloak of stealth (worn)
 A - a +0 pair of boots (worn)
 D - a +1 plate armour of poison resistance (worn)
 H - a +2 hat of intelligence (worn)
 U - the +2 pair of gloves of Juraaj (worn) {rF+ rC+ Str+4 Dex+4 SInv}
   (You bought it in a shop on level 2 of the Orcish Mines)

   Str:       It affects your strength (+4).
   Dex:       It affects your dexterity (+4).
   rF:        It protects you from fire.
   rC:        It protects you from cold.
   SInv:      It lets you see invisible.
Jewellery
 g - a +4 ring of protection (right hand)
 p - a ring of positive energy
 t - an amulet of reflection (around neck)
 v - a ring of fire
 W - the ring of Itwoxzajit (left hand) {rF+ Will+ Str+3 Int+2}
   (You found it on level 1 of the Snake Pit)

   [ring of willpower]

   Str:       It affects your strength (+3).
   Int:       It affects your intelligence (+2).
   rF:        It protects you from fire.
   Will:      It increases your willpower.
Wands
 d - a wand of flame (115)
 n - a wand of digging (10)
 s - a wand of paralysis (16)
 x - a wand of iceblast (26)
 B - a wand of mindburst (42)
 F - a wand of polymorph (18)
 G - a wand of charming (17)
Scrolls
 h - 4 scrolls of fear
 j - 12 scrolls of teleportation
 q - 4 scrolls of fog
 y - 4 scrolls of magic mapping
 K - 2 scrolls of enchant armour
 M - 4 scrolls of blinking
 O - 10 scrolls of identify
 R - a scroll of summoning
 T - 2 scrolls of immolation
 V - a scroll of enchant weapon
Potions
 i - 3 potions of flight
 l - 11 potions of curing
 r - a potion of might
 u - 5 potions of attraction
 z - 6 potions of lignification
 E - 2 potions of invisibility
 J - 3 potions of heal wounds
 L - a potion of haste
 N - a potion of mutation
 Q - a potion of cancellation
Miscellaneous
 I - a tin of tremorstones (2/2)
 P - a phantom mirror


   Skills:
 + Level 17.1 Fighting
 * Level 22.9 Axes
 - Level 5.0 Throwing
 + Level 16.4 Armour
 + Level 12.7 Dodging
 - Level 1.6 Shields
 - Level 10.0 Evocations


You had 17 spell levels left.
You didn't know any spells.
Your spell library was empty.

Dungeon Overview and Level Annotations

Branches:
Dungeon (15/15)            Temple (0/1) D:4            Lair (6/6) D:10
  Swamp (4/4) Lair:4        Snake (2/4) Lair:2        Slime (0/5) Lair:5
    Orc (2/2) D:9             Elf (1/3) Orc:2        Vaults (0/5) D:14
 Depths (0/5) D:15          IceCv (visited)

Altars:
Cheibriados
Dithmenos
Kikubaaqudgha
Makhleb
Sif Muna
Vehumet
Wu Jian
Beogh

Shops:
D:3 (   D:11 ?   Orc:1 *   Orc:2 ?[[:*   Snake:1 :

Annotations:
D:14 exclusion: orange crystal statue
Lair:1 exclusion: 3 oklob plants
Snake:2 Vashnia


Innate Abilities, Weirdness & Mutations

You have a pair of horns on your head.
You reflexively headbutt those who attack you in melee.


Message History

Your iron troll bites the naga sharpshooter.
Your iron troll claws the naga sharpshooter!
Your iron troll claws the naga sharpshooter!!
The naga sharpshooter dies!
Trog accepts your kill.
Trog appreciates your killing of a magic user.
The naga sharpshooter spits poison at you.
The splash of poison hits you but does no damage.
You are more poisoned.
You resist.
Unknown command.
You slash Vashnia! You burn Vashnia. You headbutt Vashnia!!
Vashnia is heavily wounded.
You hit the naga sharpshooter but do no damage.
You feel sick.
Vashnia shoots an arrow.
The arrow barely misses you.
Unknown command.
Unknown command.
You are too berserk!
You carve Vashnia like a ham!!! You burn Vashnia. Your headbutt misses Vashnia.
Vashnia is severely wounded.
You slice the naga sharpshooter!! You burn the naga sharpshooter.
You feel sick.
Vashnia shoots an arrow.
The arrow hits you!!
* * * LOW HITPOINT WARNING * * *
The naga sharpshooter mumbles some strange words.
The naga sharpshooter magically shoots a bolt.
The bolt hits you but does no damage.
Unknown command.
You miss Vashnia. Your headbutt misses Vashnia.
Vashnia is severely wounded.
You slash the naga sharpshooter! You burn the naga sharpshooter.
* * * LOW HITPOINT WARNING * * *
You feel sick.
Unknown command.
Unknown command.
You slash Vashnia! Your headbutt misses Vashnia.
Vashnia is almost dead.
You slice the naga sharpshooter!! You burn the naga sharpshooter!
* * * LOW HITPOINT WARNING * * *
You feel sick.
Vashnia shoots an arrow.
The arrow hits you!!
You die...

######
##############....#
..................###.#.
..............T..N......
............)...@)......
.................N......
..)..........)....N.....
....................N...
#####################...
.. .


You could see Vashnia (fast, catching breath, ally target), 3 naga sharpshooters
and a friendly iron troll (summoned, berserk).

Vanquished Creatures
  the Lernaean hydra (Swamp:4)
  Nikola (Swamp:4)
  An Ice Fiend (IceCv)
  Jorgrun (D:14)
  Gastronok (Lair:3)
  Roxanne (D:14)
  An orc warlord (Orc:2)
  A very ugly thing (Swamp:3)
  4 bunyips
  Josephine (D:13)
  2 eleionomae (Swamp:4)
  5 boulder beetles
  A shambling mangrove (Swamp:1)
  4 naga warriors (Snake:1)
  2 caustic shrike simulacra (IceCv)
  22 hydras
  A ghost crab (Swamp:4)
  An ogre mage (D:14)
  Erolcha (D:13)
  Erica (Orc:1)
  6 anacondas (Snake:1)
  7 alligators
  5 centaur warriors
  10 two-headed ogres
  14 death yaks
  6 orc high priests (Orc:2)
  A spriggan berserker (Swamp:3)
  6 naga sharpshooters
  A deep elf knight (Swamp:3)
  4 spriggans
  2 shock serpents (Snake:1)
  A spark wasp zombie (D:15)
  Nergalle (Lair:3)
  6 skeletal warriors
  5 goliath frogs
  A flayed ghost (D:15)
  2 bog bodies
  An obsidian statue (IceCv)
  13 swamp dragons
  2 spriggan druids
  2 deep elf pyromancers
  A naga ritualist (Snake:1)
  Pikel (D:6)
  11 orc knights
  An oklob plant (Lair:4)
  A necromancer (D:15)
  4 mana vipers (Snake:1)
  15 ugly things
  A frost giant zombie (D:15)
  6 cyclopes
  A manticore (D:14)
  2 will-o-the-wisps
  5 salamanders
  An orc sorcerer (Orc:2)
  A stone giant skeleton (D:15)
  16 elephants
  2 guardian serpents (Snake:1)
  15 black mambas
  Joseph (D:7)
  A gargoyle (D:8)
  6 naga magi (Snake:1)
  36 cane toads
  3 unseen horrors
  2 kobold demonologists (D:13)
  4 yaktaurs (D:14)
  8 entropy weaver simulacra (IceCv)
  4 rime drakes
  5 ice devils (IceCv)
  3 freezing wraiths
  A golden dragon simulacrum (IceCv)
  2 efreet (D:14)
  10 komodo dragons
  2 anaconda simulacra (IceCv)
  12 tyrant leeches
  A wind drake (Lair:6)
  12 trolls
  5 hornets
  2 polar bears
  21 blink frogs
  11 dream sheep
  A meliai zombie (D:11)
  10 slime creatures
  Sigmund (D:4)
  A centaur simulacrum (D:14)
  4 wyverns
  A dire elephant simulacrum (IceCv)
  6 spriggan simulacra (IceCv)
  50 yaks
  7 wraiths
  5 basilisks
  A steam dragon (D:8)
  22 vampire mosquitoes
  6 minotaur simulacra (IceCv)
  Grum (Lair:1)
  31 nagas
  5 wargs
  9 swamp worms
  17 water moccasins
  2 acid dragons
  2 harpy simulacra (IceCv)
  A human zombie (D:15)
  A hydra simulacrum (IceCv)
  34 orc warriors
  7 swamp drakes
  A sky beast (D:6)
  An ice beast (D:5)
  6 ogres
  2 alligator simulacra (IceCv)
  An ettin simulacrum (IceCv)
  5 centaurs
  A necrophage (D:5)
  2 phantoms (D:6)
  15 wolves (Lair:1)
  A lemure (D:6)
  7 kobold brigands
  Blork the orc (D:4)
  13 bullfrogs
  3 gnoll sergeants
  A wyvern zombie (D:6)
  9 deep troll simulacra (IceCv)
  5 scorpions
  2 lindwurm simulacra (IceCv)
  4 killer bees (D:10)
  3 wights (D:8)
  3 centaur zombies
  4 bullfrog skeletons
  2 hounds
  37 orc priests
  2 bullfrog zombies
  A gnoll shaman (D:8)
  A jelly (D:5)
  5 centaur skeletons
  4 iguanas
  21 orc wizards
  15 gnolls
  8 adders
  2 shadow imps
  2 white imps
  An ufetubus (D:5)
  An adder skeleton (D:5)
  A dart slug (D:4)
  3 worms
  98 orcs
  3 bats (D:3)
  5 endoplasms
  A giant cockroach (D:4)
  5 goblins
  8 hobgoblins
  5 jackals
  A quokka (D:1)
  9 ball pythons
  A frilled lizard (D:1)
  23 kobolds
  2 rats (D:3)
967 creatures vanquished.

Vanquished Creatures (collateral kills)
  Saint Roka (Orc:2)
  Rupert (Lair:3)
  A naga warrior (Snake:1)
  A hydra (Lair:3)
  An orc high priest (Orc:1)
  3 naga sharpshooters
  3 orc knights (Orc:2)
  An elephant (Lair:5)
  An ice devil (IceCv)
  A blink frog (Lair:6)
  3 yaks (Lair:3)
  4 orc warriors
  2 deep troll simulacra (IceCv)
  2 orc priests (Orc:1)
  4 orcs
29 creatures vanquished.

Vanquished Creatures (others)
  2 foxfires (Swamp:1)
  48 fungi
  129 plants
  5 withered plants (D:15)
184 creatures vanquished.

Grand Total: 1180 creatures vanquished

Notes
Turn   | Place    | Note
-------+----------+-------------------------------------------
     0 | D:1      | rjrrt the Minotaur Berserker began the quest for the Orb.
     0 | D:1      | Reached XP level 1. HP: 19/19 MP: 0/0
   139 | D:1      | Found a faded altar of an unknown god.
   143 | D:1      | Reached skill level 4 in Axes
   207 | D:1      | Reached XP level 2. HP: 21/26 MP: 1/1
   844 | D:2      | Found a burning altar of Makhleb.
  1085 | D:2      | Reached skill level 5 in Axes
  1331 | D:2      | Reached XP level 3. HP: 28/31 MP: 2/2
  1388 | D:2      | Reached ** piety under Trog
  2116 | D:3      | Reached skill level 6 in Axes
  2116 | D:3      | Reached XP level 4. HP: 39/39 MP: 3/3
  2338 | D:3      | Found Vigurov's Antique Weapon Shop.
  3188 | D:4      | Reached XP level 5. HP: 45/45 MP: 4/4
  3241 | D:4      | Reached skill level 7 in Axes
  3248 | D:4      | Noticed Blork the orc
  3256 | D:4      | Killed Blork the orc
  3258 | D:4      | Reached skill level 8 in Axes
  3258 | D:4      | Reached XP level 6. HP: 51/51 MP: 5/5
  3721 | D:4      | Noticed Sigmund
  3741 | D:4      | Killed Sigmund
  3742 | D:4      | Reached skill level 9 in Axes
  3817 | D:4      | Found a staircase to the Ecumenical Temple.
  3985 | D:5      | Entered Level 5 of the Dungeon
  3988 | D:5      | Reached XP level 7. HP: 58/58 MP: 6/6
  4003 | D:5      | Reached *** piety under Trog
  4038 | D:5      | Reached skill level 1 in Throwing
  4038 | D:5      | Reached skill level 1 in Evocations
  4109 | D:5      | Reached skill level 10 in Axes
  4259 | D:5      | Found a shadowy altar of Dithmenos.
  4263 | D:5      | Found an ancient bone altar of Kikubaaqudgha.
  4290 | D:5      | Reached XP level 8. HP: 47/67 MP: 7/7
  4911 | D:6      | Reached skill level 5 in Fighting
  5415 | D:6      | Noticed Pikel
  5424 | D:6      | Killed Pikel
  5425 | D:6      | Reached skill level 11 in Axes
  5425 | D:6      | Reached XP level 9. HP: 64/74 MP: 8/8
  5806 | D:7      | Reached **** piety under Trog
  5807 | D:7      | Reached skill level 5 in Armour
  5928 | D:7      | Noticed Joseph
  5954 | D:7      | Killed Joseph
  6294 | D:7      | Reached skill level 5 in Dodging
  6491 | D:8      | Reached skill level 1 in Shields
  6739 | D:8      | Noticed a centaur warrior
  6751 | D:8      | Killed a centaur warrior
  6752 | D:8      | Reached skill level 12 in Axes
  6752 | D:8      | Reached XP level 10. HP: 71/84 MP: 9/9
  6758 | D:8      | Noticed a two-headed ogre
  6770 | D:8      | Killed a two-headed ogre
  6909 | D:8      | Noticed a two-headed ogre
  6913 | D:8      | Killed a two-headed ogre
  6914 | D:8      | Reached skill level 5 in Throwing
  7195 | D:8      | Found a radiant altar of Vehumet.
  7254 | D:8      | Found a snail-covered altar of Cheibriados.
  7297 | D:8      | Noticed a gargoyle
  7303 | D:8      | Killed a gargoyle
  8095 | D:9      | Reached skill level 13 in Axes
  8243 | D:9      | Reached skill level 5 in Evocations
  8628 | D:9      | Found a staircase to the Orcish Mines.
  8643 | Orc:1    | Entered Level 1 of the Orcish Mines
  8643 | Orc:1    | Noticed Erica
  8648 | Orc:1    | Killed Erica
  8649 | Orc:1    | Reached XP level 11. HP: 94/94 MP: 10/10
  8879 | Orc:1    | Reached ***** piety under Trog
  8970 | Orc:1    | Noticed an orc knight
  9010 | Orc:1    | Killed an orc knight
  9131 | Orc:1    | Reached skill level 14 in Axes
  9291 | Orc:1    | Noticed an orc high priest
  9300 | Orc:1    | Killed an orc high priest
  9454 | Orc:1    | Noticed an orc knight
  9467 | Orc:1    | Killed an orc knight
  9701 | Orc:1    | Found Bedewom's Bounteous Boutique.
  9901 | Orc:2    | Entered Level 2 of the Orcish Mines
  9908 | Orc:2    | Noticed an orc knight
 10168 | Orc:2    | Killed an orc knight
 10505 | Orc:2    | Noticed an orc high priest
 10522 | Orc:2    | Killed an orc high priest
 10523 | Orc:2    | Reached skill level 15 in Axes
 10692 | Orc:2    | Noticed Saint Roka
 10737 | Orc:2    | Reached skill level 10 in Fighting
 11229 | D:10     | Entered Level 10 of the Dungeon
 11263 | D:10     | Noticed a two-headed ogre
 11279 | D:10     | Killed a two-headed ogre
 11736 | D:10     | Reached XP level 12. HP: 107/107 MP: 11/11
 11804 | D:10     | Found a staircase to the Lair.
 12227 | Lair:1   | Entered Level 1 of the Lair of Beasts
 12445 | Lair:1   | Received a gift from Trog
 12491 | Lair:1   | Reached skill level 16 in Axes
 12511 | Lair:1   | Noticed Grum
 12526 | Lair:1   | Killed Grum
 13235 | Lair:1   | Noticed a four-headed hydra
 13240 | Lair:1   | Killed a two-headed hydra
 13726 | Lair:2   | Found a staircase to the Snake Pit.
 13753 | Lair:2   | Reached skill level 10 in Armour
 14012 | Lair:2   | Reached skill level 17 in Axes
 14656 | Lair:3   | Noticed Sonja
 14657 | Lair:3   | Noticed Sonja
 14657 | Lair:3   | Sonja changed into Sonja the worm
 14661 | Lair:3   | Noticed Nergalle
 14663 | Lair:3   | Killed Sonja the worm
 14669 | Lair:3   | Killed Nergalle
 14677 | Lair:3   | Noticed a seven-headed hydra
 14688 | Lair:3   | Killed a three-headed hydra
 14689 | Lair:3   | Reached XP level 13. HP: 57/117 MP: 12/12
 15004 | Lair:3   | Noticed Rupert
 15026 | Lair:3   | Killed Rupert
 15042 | Lair:3   | Received a gift from Trog
 15848 | Lair:3   | Noticed Gastronok
 15866 | Lair:3   | Killed Gastronok
 15867 | Lair:3   | Reached skill level 18 in Axes
 16708 | Lair:4   | Found a staircase to the Swamp.
 16801 | Swamp:1  | Entered Level 1 of the Swamp
 17067 | Lair:4   | You fall into a shaft and drop 2 floors!
 17067 | Lair:6   | Entered Level 6 of the Lair of Beasts
 17090 | Lair:5   | Reached skill level 19 in Axes
 17245 | Lair:5   | Found a staircase to the Slime Pits.
 17297 | Lair:5   | Reached XP level 14. HP: 129/129 MP: 13/13
 18511 | Lair:5   | You fall into a shaft and drop 1 floor!
 19467 | Lair:6   | Noticed Nessos
 19474 | Lair:6   | Noticed Nessos
 19474 | Lair:6   | Nessos changed into Nessos the wind drake
 19481 | Lair:6   | Killed Nessos the wind drake
 20156 | Lair:6   | Reached skill level 20 in Axes
 20343 | Lair:6   | Received a gift from Trog
 20364 | Lair:6   | Reached XP level 15. HP: 97/138 MP: 14/14
 20670 | Lair:6   | Identified the +9 fustibalus of Incongruity {vorpal, rF-
                  | rN+ Str+3}
 21001 | D:11     | Found Terittiu's Magic Scroll Boutique.
 21014 | D:11     | Bought a scroll of acquirement for 728 gold pieces
 21015 | D:11     | Acquired 1089 gold pieces
 22221 | D:12     | Found a shimmering blue altar of Sif Muna.
 22958 | D:13     | Received a gift from Trog
 23139 | D:13     | Noticed Erolcha
 23144 | D:13     | Killed Erolcha
 23205 | D:13     | Noticed Josephine
 23217 | D:13     | Killed Josephine
 24048 | Orc:1    | Bought a scroll of brand weapon for 220 gold pieces
 24338 | Orc:2    | Killed Saint Roka
 24813 | Orc:2    | Found Rigrol's Magic Scroll Emporium.
 24840 | Orc:2    | Bought a scroll of blinking for 97 gold pieces
 24840 | Orc:2    | Bought a scroll of immolation for 45 gold pieces
 25185 | Orc:2    | Found a staircase to the Elven Halls.
 25257 | Orc:2    | Received a gift from Trog
 25666 | Orc:2    | Paralysed by an orc sorcerer for 3 turns
 25702 | Elf:1    | Entered Level 1 of the Elven Halls
 25797 | Orc:2    | Noticed an orc warlord
 25807 | Orc:2    | Killed an orc warlord
 26360 | Orc:2    | Reached skill level 15 in Fighting
 26495 | Orc:2    | Found Acoxt's Antique Armour Emporium.
 26496 | Orc:2    | Found Pekho's Book Emporium.
 26496 | Orc:2    | Found Aqe Gaty's Antique Armour Shoppe.
 26497 | Orc:2    | Found Jicaf's General Store.
 26506 | Orc:2    | Bought a pair of polished gloves for 294 gold pieces
 26506 | Orc:2    | Identified the +2 pair of gloves of Juraaj {rF+ rC+ Str+4
                  | Dex+4 SInv} (You bought it in a shop on level 2 of the
                  | Orcish Mines)
 26507 | Orc:2    | Bought a pair of polished gloves for 313 gold pieces
 26507 | Orc:2    | Identified the +2 pair of gloves of Music {rN+} (You bought
                  | it in a shop on level 2 of the Orcish Mines)
 26832 | D:14     | Received a gift from Trog
 26971 | D:14     | Reached skill level 10 in Dodging
 27084 | D:14     | Reached XP level 16. HP: 91/149 MP: 15/15
 27872 | D:14     | Found a gate to the Vaults.
 28056 | D:14     | Identified Roxanne's Collected Works on Transmutation
 28056 | D:14     | Noticed Roxanne
 28169 | D:14     | Killed Roxanne
 28308 | D:14     | Noticed Jorgrun
 28323 | D:14     | Killed Jorgrun
 28374 | D:14     | Found an ornate altar of the Wu Jian Council.
 28598 | D:15     | Entered Level 15 of the Dungeon
 28657 | D:15     | Reached skill level 21 in Axes
 28935 | D:15     | Found a staircase to the Depths.
 29898 | Swamp:1  | Received a gift from Trog
 30135 | Swamp:3  | Reached skill level 15 in Armour
 30519 | Swamp:3  | Found a frozen archway.
 30553 | IceCv    | Entered an ice cave
 31033 | IceCv    | Received a gift from Trog
 31411 | IceCv    | Noticed an Ice Fiend
 31423 | IceCv    | Reached XP level 17. HP: 151/158 MP: 16/16
 31442 | IceCv    | Killed an Ice Fiend
 31521 | IceCv    | Identified the -1 pair of boots of Moral Flaws {Harm rPois
                  | rF+ Dex-2}
 32235 | Swamp:4  | Entered Level 4 of the Swamp
 32256 | Swamp:4  | Noticed Nikola
 32353 | Swamp:4  | Killed Nikola
 32498 | Swamp:4  | Identified the +2 robe of the Flute {Str+2}
 32590 | Swamp:4  | Reached skill level 10 in Evocations
 32658 | Swamp:4  | Reached skill level 22 in Axes
 32881 | Swamp:4  | Received a gift from Trog
 33050 | Swamp:4  | Noticed the 27-headed Lernaean hydra
 33058 | Swamp:4  | Killed the 26-headed Lernaean hydra
 33421 | Swamp:4  | Got a decaying rune of Zot
 33586 | Snake:1  | Entered Level 1 of the Snake Pit
 34096 | Snake:1  | Found Qiwoxtek's Book Shoppe.
 35129 | Snake:1  | Identified the +3 broad axe of the Absolute Madman {flame,
                  | +Rage rElec rCorr Stlth-} (Trog gifted it to you on level 1
                  | of the Snake Pit)
 35129 | Snake:1  | Received a gift from Trog
 35774 | Snake:1  | Reached XP level 18. HP: 160/169 MP: 17/17
 35825 | Snake:1  | Identified the ring of Itwoxzajit {rF+ Will+ Str+3 Int+2}
 37173 | Snake:2  | Noticed Vashnia
 37192 | Snake:2  | HP: 11/253 [poisoned by a naga sharpshooter (splash of
                  | poison)]
 37193 | Snake:2  | Shot with an arrow by Vashnia

Illustrated notes

Levels and vault maps discovered:
D:1:      saegor_arrival_simple_e, layout_basic,
          hellmonk_ecumenical_altar_slurped_away
D:2:      layout_loops_corners, basic_altar, minivault_5, minmay_tromino_v4_a
D:3:      layout_basic, serial_shops, nicolae_shop_statue_plus
D:4:      layout_basic, minmay_temple_entry_overgrown, uniq_sigmund,
          uniq_blork_the_orc
D:5:      layout_rooms, jmf_multi_god_temple
D:6:      layout_loops_ring, minmay_small_thing, uniq_pikel
D:7:      layout_cave_pools, uniq_joseph
D:8:      kennysheep_blocky_room, layout_loops_corners,
          mainiacjoe_overflow_catwalk_spiral
D:9:      layout_loops_cross, minmay_orc_entry_temple_small
D:10:     layout_stronghold, lair_entry_dummy, kennysheep_generic_room_3
D:11:     layout_roguey, serial_shops, shop_statue
D:12:     layout_loops_ring, lemuel_blue_sif_altar
D:13:     layout_basic, uniq_erolcha, uniq_josephine
D:14:     layout_cave_pools, hangedman_vaults_entry_quadrant_bands,
          nzn_wu_jian_contemplation, minmay_statue_bubble, uniq_jorgrun,
          uniq_roxanne
D:15:     gammafunk_depths_entry_grave, layout_rooms, minmay_splitting_lines
Lair:1:   layout_hall_layers, minmay_lair_oklob_chamber, uniq_grum
Lair:2:   layout_long_grid, minmay_snake_entry_guardpost_small, serial_bayou,
          serial_bayou_lake_a, serial_bayou_shore_b, serial_bayou_shore_a,
          serial_bayou_lagoon_a, serial_bayou_pond_d
Lair:3:   layout_small_grid, grunt_megastairs_4, uniq_gastronok, uniq_sonja,
          uniq_nergalle, uniq_rupert
Lair:4:   layout_regular_city, minmay_swamp_entry_worms, grunt_megastairs_3
Lair:5:   layout_loops_ring, slime_dummy
Lair:6:   minmay_lair_end_frog_pond, layout_long_grid, st_stairs_8, uniq_nessos
Swamp:1:  nicolae_swamp_tree_isthmus, layout_basic_swamp,
          nicolae_swamp_orc_logging_accident, swamp_pool3,
          nicolae_swamp_tree_designs, infiniplex_staircase_pool
Swamp:2:  nzn_winding_woodlands_cross [nzn_winding_woodlands_5x15_jagged,
          nzn_winding_woodlands_5x15_twine, nzn_winding_woodlands_5x15_cabin,
          nzn_winding_woodlands_5x15_zeroes,
          nzn_winding_woodlands_15x15_thick_spiral], layout_basic_swamp,
          nicolae_swamp_very_dense_foliage
Swamp:3:  cheibrodos_swamp_heart_of_darkness, layout_falls_marsh,
          portal_ice_cave_entry_ugly_swarm, evilmike_swamp_ruin_house_5
Swamp:4:  swamp_old_school, layout_basic_swamp, swamp_pool1, uniq_nikola
Snake:1:  kennysheep_snake, layout_layer_cave, serial_shops, shop, drop_trap,
          statue_in_the_mist_lemuel, grunt_megastairs_1
Snake:2:  layout_grid_shapes, uniq_vashnia, uniq_donald
Orc:1:    layout_caves, basic_altar, nicolae_alphabet_shops,
          minmay_orc_temple_c, uniq_erica
Orc:2:    st_orc_pillars, layout_diamond_mine, serial_shops, shop,
          bh_open_orc_temple, uniq_saint_roka
Elf:1:    layout_geoelf_grid, minmay_elf_annihilation, nrook_mini_backslash

Skill      XL: |  1  2  3  4  5  6  7  8  9 10 11 12 13 14 15 16 17 |
---------------+----------------------------------------------------+-----
Axes           | 4 5 6 8 9 10 11 12 13 15 17 19 20 21 22 | 22.9
Fighting       | 4 5 6 8 10 11 13 14 15 16 17 | 17.1
Throwing       | 1 3 4 5 |  5.0
Armour         | 3 4 6 7 8 10 12 13 14 15 16 | 16.4
Evocations     | 1 3 4 5 6 8 9 10 | 10.0
Dodging        | 3 4 5 6 8 10 11 12 | 12.7
Shields        | 1 |  1.6

Action                   |  1- 3 |  4- 6 |  7- 9 | 10-12 | 13-15 | 16-18 || total
-------------------------+-------+-------+-------+-------+-------+-------++-------
Melee: Hand axe          |    71 |       |       |       |       |       ||    71
       Headbutt          |    13 |     6 |    31 |    83 |   192 |   214 ||   539
       War axe           |     1 |    63 |   183 |       |       |       ||   247
       Battleaxe         |       |       |     7 |   477 |   840 |   187 ||  1511
       Executioner's axe |       |       |       |       |       |   562 ||   562
Throw: Boomerang         |       |       |       |     7 |     6 |       ||    13
Invok: Berserk           |     1 |     2 |     1 |     7 |     5 |     8 ||    24
       Brothers in Arms  |       |       |       |     2 |     6 |     6 ||    14
       Trog's Hand       |       |       |       |       |     1 |     2 ||     3
Evoke: Wand              |       |       |       |     1 |     1 |       ||     2
  Use: Scroll            |     5 |     5 |     5 |     4 |    11 |     5 ||    35
       Potion            |       |       |       |       |     1 |     3 ||     4
Armor: Animal skin       |     8 |       |       |       |       |       ||     8
       Chain mail        |     6 |    36 |    83 |    40 |       |       ||   165
       Plate armour      |       |       |       |   175 |   351 |   440 ||   966
       Ice dragon scales |       |       |       |       |       |    63 ||    63
Dodge: Dodged            |    35 |    21 |    68 |   166 |   263 |   402 ||   955
Block: Other             |       |       |    23 |   121 |   155 |   163 ||   462
       Buckler           |       |       |    14 |       |       |       ||    14
       Reflection        |       |       |     1 |       |     8 |    21 ||    30
